 Dungeon Crawl Stone Soup version 0.22-a0-283-g1871b15 (webtiles) character file.

31 mhoghedin the Gusty (level 3, -1/28 HPs)
             Began as a Tengu Air Elementalist on Mar 18, 2018.
             Slain by an adder (3 damage)
             ... on level 1 of the Dungeon.
             The game lasted 00:03:02 (942 turns).

mhoghedin the Gusty (Tengu Air Elementalist)         Turns: 942, Time: 00:03:03

Health: -1/28      AC:  2    Str: 13    XL:     3   Next: 22%
Magic:  3/7        EV: 12    Int: 16    God:
Gold:   42         SH:  0    Dex: 14    Spells: 0/6 levels left

rFire    . . .     SeeInvis .   d - +2 short sword (drain)
rCold    . . .     Gourm    .   (no shield)
rNeg     . . .     Faith    .   a - +0 robe
rPois    .         Spirit   .   (helmet restricted)
rElec    .         Reflect  .   (no cloak)
rCorr    .         Harm     .   (no gloves)
MR       .....     Rnd*Tele +   (boots unavailable)
Stlth    ..........             (no amulet)
HPRegen  0.09/turn              h - ring of teleportation (curse) {+/*tele, !d}
MPRegen  0.10/turn              (no ring)

@: berserking, lethally poisoned (-1 -> -11), swift (expiring), very quick
A: beak, talons 3
a: no special abilities


You were on level 1 of the Dungeon.
You were hungry.

You visited 1 branch of the dungeon, and saw 2 of its levels.

You collected 42 gold pieces.

Inventory:

Hand Weapons
 b - a +2 dagger of venom
   (You took it off a goblin on level 1 of the Dungeon)
 d - a +2 short sword of draining (weapon)
   (You took it off a kobold on level 1 of the Dungeon)
Armour
 a - a +0 robe (worn)
Jewellery
 h - a cursed ring of teleportation (left hand) {+/*tele, !d}
   (You found it on level 1 of the Dungeon)
Scrolls
 e - 2 scrolls of identify {unknown}
 f - 2 scrolls of immolation {unknown}
 j - a scroll of amnesia {unknown}
Potions
 g - a potion of flight {unknown}
 i - a potion of berserk rage {!q}
Comestibles
 c - a ration


   Skills:
 - Level 2.1 Dodging
 - Level 2.0 Stealth
 - Level 2.0 Spellcasting
 + Level 3.0 Conjurations
 + Level 4.9 Air Magic


You couldn't memorise any spells.
You knew the following spells:

 Your Spells              Type           Power        Failure   Level  Hunger
a - Shock                 Conj/Air       ##..         4%          1    #......
b - Static Discharge      Conj/Air       ##......     12%         3    ###....
s - Swiftness             Chrm/Air       #.......     12%         2    ###....


Dungeon Overview and Level Annotations

Branches:
Dungeon (2/15)

Altars:


Innate Abilities, Weirdness & Mutations

You have a beak for a mouth.
You have claws for feet.


Message History

No target in view!
No target in view!
No target in view!
No target in view!
No target in view!
No target in view!
No target in view!
No target in view!
No target in view!
You see here a bat corpse.
j - a scroll labeled ANEKUO REUGI As you open the door, it creaks loudly!
There is an open door here.
There is an open door here.
You enter a teleport trap!
The teleport trap disappears.
Your surroundings suddenly seem different.
There is an open door here.
Done exploring.
Done exploring.
You feel slightly jumpy.
Oops, that ring feels deathly cold.
h - a cursed ring of teleportation (left hand) Memorise Static Discharge, consuming 3 spell levels and leaving 0?
You start memorising the spell.
You continue memorising. x3
You finish memorising.
Spell assigned to 'b'.
Unknown command.
Done exploring.
(D) Dungeon
Where to? (? - help)
There is a stone staircase leading down here.
You climb downwards.
A bat comes into view.
There is a stone staircase leading up here.
The helpless bat fails to defend itself.
You hit the bat.
You kill the bat!
You see here a bat corpse.
A quokka comes into view.
A quokka is nearby!
You hit the quokka.
You kill the quokka!
No target in view!
No target in view!
No target in view!
No target in view!
No target in view!
No target in view!
No target in view!
No target in view!
No target in view!
You see here a quokka corpse.
An adder comes into view.
An adder is nearby!
The adder hisses angrily.
The adder bites you.
You are poisoned.
The adder poisons you! The adder barely misses you.
You take 2 damage, and have 17/19 hp.
You feel quick.
You feel sick. The adder bites you.
You are lethally poisoned!
The adder poisons you!
You take 3 damage, and have 14/19 hp.
You now have 5/7 mp.
You feel sick.
You take 1 damage, and have 13/19 hp.
You feel sick.
You see here a quokka corpse.
You take 1 damage, and have 12/19 hp.
You feel sick.
You take 1 damage, and have 11/19 hp.
You feel sick.
You take 1 damage, and have 10/19 hp.
You start to feel a little slower.
You feel sick.
There is a stone staircase leading up here.
You take 1 damage, and have 9/19 hp.
Okay, then.
Unknown command.
You feel sick. The adder misses you.
You climb upwards.
There is a stone staircase leading down here.
You take 1 damage, and have 8/19 hp.
Okay, then.
Unknown command.
The adder is struck by lightning.
The lightning arcs!
You are struck by lightning.
The lightning grounds out.
You are feeling hungry.
* * * LOW HITPOINT WARNING * * *
You feel sick. The adder barely misses you. The adder bites you.
* * * LOW HITPOINT WARNING * * *
You are more poisoned.
The adder poisons you!
You take 6 damage, and have 2/19 hp.
MASSIVE DAMAGE!!
You now have 3/7 mp.
It was a potion of berserk rage.
A red film seems to cover your vision as you go berserk!
You feel yourself moving faster!
You feel mighty!
* * * LOW HITPOINT WARNING * * *
You feel sick. The adder bites you.
You die...

........###..#.#.###†#.##########
........# #..#.#.# #.#...........
###.##### #....#.# #.#.##########
###.# ###.##.# #.#.# ....# #..#.#
#.#.####### ##### ##.#.#
#.#.......# #...# #.#.#####.#
##.S# #.#.# #.# #.@# #.#.# #.#
#### #.#.# #.# #.#.# #)# #.#.#
#.# #.#.# #.# #.#.# #.#
#.#.#####.# #.#.......#
#.#########


You could see an adder.

Vanquished Creatures
  A leopard gecko (D:1)
  A ball python (D:1)
  7 bats
  3 giant cockroaches (D:1)
  A goblin (D:1)
  5 hobgoblins (D:1)
  A quokka (D:2)
  2 frilled lizards (D:1)
  4 kobolds (D:1)
  2 rats (D:1)
27 creatures vanquished.

Notes
Turn   | Place    | Note
-------+----------+-------------------------------------------
     0 | D:1      | mhoghedin the Tengu Air Elementalist began the quest for the Orb.
     0 | D:1      | Reached XP level 1. HP: 10/10 MP: 4/4
   112 | D:1      | Reached skill level 2 in Conjurations
   214 | D:1      | Reached XP level 2. HP: 9/15 MP: 4/6
   406 | D:1      | Learned a level 2 spell: Swiftness
   563 | D:1      | Reached XP level 3. HP: 19/19 MP: 7/7
   660 | D:1      | Reached skill level 3 in Conjurations
   889 | D:1      | Learned a level 3 spell: Static Discharge
   941 | D:1      | HP: 2/19 [adder (3)]
   942 | D:1      | Slain by an adder

Vault maps used:
D:1:      lemuel_arrival_room
D:2:      bloody_trog

Skill      XL: |  1  2  3 |
---------------+----------+-----
Conjurations   | 2 3 |  3.0
Dodging        | |  2.1
Stealth        | |  2.0
Spellcasting   | |  2.0
Air Magic      | |  4.9

Action                   || total
-------------------------++-------
Melee: Unarmed           ||     8
       Peck              ||     2
       Short sword       ||    26
       Kick              ||     3
 Cast: Shock             ||    16
       Swiftness         ||     1
       Static Discharge  ||     1
  Use: Potion            ||     1
 Stab: Sleeping          ||     3
Armor: Robe              ||     9
Dodge: Dodged            ||    31

Table legend:
 A = Spawn XP
 B = Non-spawn XP
 C = Spawn XP percentage of total XP
 D = Spawn monster count
 E = Non-spawn monster count
 F = Spawn count percentage of total count
 G = Total turns spent on level
                    A         B        C        D         E        F      G
               +---------+---------+-------+---------+---------+-------+---------
         Total |       0 |      45 |   0.0 |       0 |      27 |   0.0 |   942
               +---------+---------+-------+---------+---------+-------+---------
           D:1 |       0 |      42 |   0.0 |       0 |      25 |   0.0 |   921
           D:2 |       0 |       3 |   0.0 |       0 |       2 |   0.0 |    21
               +---------+---------+-------+---------+---------+-------+---------

Vault maps used:
D:1:      lemuel_arrival_room
D:2:      bloody_trog

Table legend:
 A = Turns spent in this place as a percentage of turns spent in the entire game.
 B = Non-inter-level travel turns spent in this place as a percentage of non-inter-level travel turns spent in the entire game.
 C = Inter-level travel turns spent in this place as a percentage of turns spent in this place.
 D = Turns resting spent in this place as a percentage of non-inter-level travel turns spent in this place.
 E = Turns spent auto-exploring this place as a percentage of non-inter-level travel turns spent in this place.
 F = Non-inter-level travel turns spent in this place divided by the number of levels of this place that you've seen.
                   A       B       C       D       E      F
               +-------+-------+-------+-------+-------+----------------------
         Total | 100.0 | 100.0 |   3.2 |  11.4 |  63.6 | 456.0
       Dungeon | 100.0 | 100.0 |   3.2 |  11.4 |  63.6 | 456.0
               +-------+-------+-------+-------+-------+----------------------

Table legend:
 A = Kills in this place as a percentage of kills in entire the game.
 B = Kills by you in this place as a percentage of kills by you in the entire game.
 C = Kills by friends in this place as a percentage of kills by friends in the entire game.
 D = Other kills in this place as a percentage of other kills in the entire game.
 E = Experience gained in this place as a percentage of experience gained in the entire game.
 F = Experience gained in this place divided by the number of levels of this place that you have seen.
                   A       B       C       D       E      F
               +-------+-------+-------+-------+-------+----------------------
         Total | 100.0 | 100.0 |   N/A |   N/A | 100.0 |  22.5
       Dungeon | 100.0 | 100.0 |   N/A |   N/A | 100.0 |  22.5
               +-------+-------+-------+-------+-------+----------------------
